[Event "POL-ch Women MOKATE 2020"]
[Site "Ostrow Wielkopolski"]
[Date "2020.08.05"]
[Round "2.5"]
[White "Kulon, Klaudia"]
[Black "Antolak, Julia"]
[Result "1-0"]
[ECO "A45"]
[WhiteElo "2336"]
[BlackElo "2323"]
[Annotator "RC"]
[PlyCount "117"]
[EventDate "2020.08.04"]
[EventType "tourn"]
[EventCountry "POL"]
[SourceTitle "playchess.com"]
[Source "ChessBase"]
[SourceQuality "1"]
[TimeControl "40/5400+30:1800+30"]

1. d4 Nf6 2. Bg5 d5 3. Bxf6 gxf6 4. e3 c5 5. dxc5 e6 6. Nf3 Bxc5 7. Be2 Nc6 8. O-O O-O 9. c4 d4 10. b4 d3 11. bxc5 dxe2 12. Qxe2 Qe7 13. Nc3 Qxc5 14. Rab1 Qf5 15. Rb5 Qg6 16. Nh4 Qg7 17. Rh5 f5 18. Rc1 Kh8 19. Nf3 f6 20. Rd1 Rg8 21. g3 e5 22. Rh4 f4 23. Ne4 fxg3 24. hxg3 Bf5 25. Nd6 Bg4 26. c5 Be6 27. Kg2 Qe7 28. Qc2 Rg7 29. Rh6 Bg4 30. Nf5 Bxf5 31. Qxf5 Qxc5 32. Rdh1 Qe7 33. Rxf6 Rag8 34. Rfh6 Rf8 35. Rxh7+ Rxh7 36. Rxh7+ Qxh7 37. Qxf8+ Qg8 38. Qf6+ Qg7 39. Qe6 Qe7 40. Qxe7 Nxe7 41. Nxe5 Nd5 42. Nf7+ Kg7 43. Nd6 b6 44. Nc8 a5 45. e4 Nc3 46. Nxb6 Nxa2 47. Na4 Nb4 48. f4 Nd3 49. Kf3 Kf6 50. Ke3 Ne1 51. Kd4 Nc2+ 52. Kd5 Ne3+ 53. Kd6 Nc4+ 54. Kd7 Ne3 55. e5+ Kg7 56. e6 Nd5 57. e7 Nf6+ 58. Kd8 Kf7 59. g4 1-0

[Event "POL-ch Women MOKATE 2020"]
[Site "Ostrow Wielkopolski"]
[Date "2020.08.07"]
[Round "4.1"]
[White "Socko, Monika"]
[Black "Cyfka, Karina"]
[Result "1/2-1/2"]
[ECO "E21"]
[WhiteElo "2428"]
[BlackElo "2411"]
[Annotator "ChessBase"]
[PlyCount "100"]
[EventDate "2020.08.04"]
[EventType "tourn"]
[EventCountry "POL"]
[SourceTitle "playchess.com"]
[Source "ChessBase"]
[SourceQuality "1"]
[TimeControl "40/5400+30:1800+30"]

1. d4 Nf6 2. c4 e6 3. Nc3 Bb4 4. Nf3 b6 5. Bd2 Bb7 6. g3 O-O 7. Bg2 d6 8. O-O Nbd7 9. a3 Bxc3 10. Bxc3 Ne4 11. Be1 f5 12. Qc2 Qe7 13. Rd1 Ndf6 14. d5 exd5 15. Nd4 g6 16. cxd5 Bxd5 17. f3 Ng5 18. h4 Nf7 19. Nb5 c6 20. Nc3 Be6 21. Bf2 d5 22. e4 Rad8 23. exd5 cxd5 24. Rfe1 Qd7 25. Bf1 Nd6 26. Bd4 Nh5 27. Be5 Nf7 28. Bb5 Qc8 29. Qe2 Nxe5 30. Qxe5 Bf7 31. Kg2 Qc5 32. b4 Qd6 33. Qxd6 Rxd6 34. Re7 d4 35. Rxa7 Rfd8 36. Na4 f4 37. g4 Nf6 38. Kf2 d3 39. Rd2 Bb3 40. Nb2 Bc2 41. g5 Nd5 42. Bc4 Kh8 43. Bxd5 Rxd5 44. Re7 b5 45. Re4 Ra8 46. Rxf4 Rxa3 47. Nd1 Bxd1 48. Rxd1 Ra2+ 49. Kg3 Kg7 50. Re4 Kf7 1/2-1/2

[Event "POL-ch Women MOKATE 2020"]
[Site "Ostrow Wielkopolski"]
[Date "2020.08.07"]
[Round "4.2"]
[White "Antolak, Julia"]
[Black "Sliwicka, Alicja"]
[Result "1/2-1/2"]
[ECO "C96"]
[WhiteElo "2323"]
[BlackElo "2317"]
[Annotator "ChessBase"]
[PlyCount "91"]
[EventDate "2020.08.04"]
[EventType "tourn"]
[EventCountry "POL"]
[SourceTitle "playchess.com"]
[Source "ChessBase"]
[SourceQuality "1"]
[TimeControl "40/5400+30:1800+30"]

1. e4 e5 2. Nf3 Nc6 3. Bb5 a6 4. Ba4 Nf6 5. O-O Be7 6. Re1 b5 7. Bb3 d6 8. c3 O-O 9. h3 Na5 10. Bc2 c5 11. d4 Nd7 12. d5 Nb6 13. Nbd2 g6 14. b4 Nb7 15. Nf1 f5 16. exf5 gxf5 17. N3h2 a5 18. Ng3 Bg5 19. bxa5 Bxc1 20. Qxc1 Nxd5 21. c4 Nb4 22. cxb5 Nxc2 23. Qxc2 Nxa5 24. Rad1 Qf6 25. Rd3 Bb7 26. Qd2 Nc4 27. Qc2 d5 28. Red1 Qf7 29. Rc3 e4 30. Ngf1 Rac8 31. Nd2 Ne5 32. Rxc5 d4 33. Nb3 Nd3 34. Rxd3 exd3 35. Qxd3 Qg7 36. Nf3 Bxf3 37. Qxf3 Rcd8 38. Qd3 f4 39. Nd2 Rf6 40. Qf3 Rg6 41. Rf5 d3 42. h4 Qa1+ 43. Kh2 Qxa2 44. Qxf4 Qe6 45. g3 Qd6 46. Qc4+ 1/2-1/2

[Event "POL-ch Women MOKATE 2020"]
[Site "Ostrow Wielkopolski"]
[Date "2020.08.07"]
[Round "4.3"]
[White "Kucharska, Honorata"]
[Black "Waszczuk, Patrycja"]
[Result "1/2-1/2"]
[ECO "A83"]
[WhiteElo "2113"]
[BlackElo "2321"]
[Annotator "ChessBase"]
[PlyCount "77"]
[EventDate "2020.08.04"]
[EventType "tourn"]
[EventCountry "POL"]
[SourceTitle "playchess.com"]
[Source "ChessBase"]
[SourceQuality "1"]
[TimeControl "40/5400+30:1800+30"]

1. d4 f5 2. e4 fxe4 3. Nc3 Nf6 4. Bg5 g6 5. Bxf6 exf6 6. Nxe4 Qe7 7. Qe2 Bg7 8. Nc3 Qxe2+ 9. Bxe2 d6 10. Nf3 Bf5 11. Nd5 Kd8 12. Ne3 Bd7 13. O-O Nc6 14. d5 Ne5 15. Nd4 Re8 16. c3 c5 17. dxc6 bxc6 18. Rad1 f5 19. Nc4 Nxc4 20. Bxc4 Rb8 21. Bb3 Kc7 22. Rfe1 a5 23. h3 c5 24. Rxe8 Rxe8 25. Nf3 a4 26. Bc4 Rb8 27. Re1 Bf6 28. Re2 g5 29. a3 g4 30. hxg4 fxg4 31. Nh2 Be5 32. Nf1 h5 33. Ne3 Bc6 34. Bf7 Rh8 35. Nc4 Bb5 36. Bd5 Rb8 37. g3 Bxc4 38. Bxc4 Kc6 39. Rd2 1/2-1/2

[Event "POL-ch Women MOKATE 2020"]
[Site "Ostrow Wielkopolski"]
[Date "2020.08.07"]
[Round "4.4"]
[White "Kulon, Klaudia"]
[Black "Zawadzka, Jolanta"]
[Result "1-0"]
[ECO "D02"]
[WhiteElo "2336"]
[BlackElo "2419"]
[Annotator "ChessBase"]
[PlyCount "103"]
[EventDate "2020.08.04"]
[EventType "tourn"]
[EventCountry "POL"]
[SourceTitle "playchess.com"]
[Source "ChessBase"]
[SourceQuality "1"]
[TimeControl "40/5400+30:1800+30"]

1. d4 d5 2. Nf3 Nf6 3. Bf4 c5 4. e3 Nc6 5. Nbd2 cxd4 6. exd4 Bf5 7. c3 e6 8. Qb3 Qc8 9. Nh4 Be4 10. Nxe4 Nxe4 11. Nf3 Bd6 12. Bxd6 Nxd6 13. Bd3 O-O 14. O-O Qc7 15. Rae1 a6 16. Bb1 Rac8 17. Qc2 g6 18. Qc1 Kg7 19. h4 Qe7 20. h5 Qf6 21. Ne5 Qh4 22. g3 Qh3 23. Qf4 Nf5 24. Ng4 Qxh5 25. Kg2 g5 26. Qf3 Qg6 27. Rh1 h5 28. Ne5 Nxe5 29. Rxe5 Rcd8 30. Bxf5 exf5 31. Rxf5 Rh8 32. Re1 Rd7 33. Ree5 f6 34. Rxd5 Rf7 35. Qe3 h4 36. g4 Rc8 37. Rxg5 fxg5 38. Rxg5 Rcf8 39. Qe5+ Rf6 40. f4 Kh7 41. Rxg6 Rxg6 42. Kh3 Rgf6 43. f5 Kg8 44. Kxh4 R8f7 45. Kg5 Rb6 46. b3 Kh7 47. Kf4 Rc6 48. c4 Rd7 49. g5 Rcd6 50. d5 b5 51. g6+ Kg8 52. f6 1-0

[Event "POL-ch Women MOKATE 2020"]
[Site "Ostrow Wielkopolski"]
[Date "2020.08.07"]
[Round "4.5"]
[White "Majdan, Joanna"]
[Black "Kubicka, Anna"]
[Result "1-0"]
[ECO "B10"]
[WhiteElo "2325"]
[BlackElo "2256"]
[Annotator "ChessBase"]
[PlyCount "89"]
[EventDate "2020.08.04"]
[EventType "tourn"]
[EventCountry "POL"]
[SourceTitle "playchess.com"]
[Source "ChessBase"]
[SourceQuality "1"]
[TimeControl "40/5400+30:1800+30"]

1. e4 c6 2. Nc3 d5 3. Nf3 Nf6 4. e5 Ne4 5. Ne2 Qb6 6. d4 e6 7. Ng3 Nxg3 8. fxg3 c5 9. Bd3 h6 10. O-O Bd7 11. Nh4 Nc6 12. Qh5 O-O-O 13. dxc5 Bxc5+ 14. Kh1 Bd4 15. c3 Bxe5 16. Qxf7 Rhf8 17. Qxf8 Rxf8 18. Rxf8+ Kc7 19. Rf1 Bd6 20. b3 g5 21. Ng6 Ne5 22. Nxe5 Bxe5 23. Bd2 Qa5 24. a4 Kd6 25. b4 Qc7 26. Rf7 Qc8 27. Rc1 Qe8 28. Rcf1 Qc8 29. Rf8 Qc7 30. R8f7 Qc8 31. Rc1 Qe8 32. Rh7 Qh5 33. Kg1 a6 34. Be3 Bxa4 35. Rxb7 Bb5 36. Bc5+ Kc6 37. Rb6+ Kd7 38. Bxb5+ axb5 39. Rb7+ Kc6 40. Re7 Bxc3 41. Rxe6+ Kc7 42. h3 Bb2 43. Rf1 g4 44. hxg4 Qxg4 45. Rf7+ 1-0

[Event "POL-ch Women MOKATE 2020"]
[Site "Ostrow Wielkopolski"]
[Date "2020.08.08"]
[Round "5.1"]
[White "Sliwicka, Alicja"]
[Black "Kucharska, Honorata"]
[Result "1/2-1/2"]
[ECO "C11"]
[WhiteElo "2317"]
[BlackElo "2113"]
[Annotator "ChessBase"]
[PlyCount "68"]
[EventDate "2020.08.04"]
[EventType "tourn"]
[EventCountry "POL"]
[SourceTitle "playchess.com"]
[Source "ChessBase"]
[SourceQuality "1"]
[TimeControl "40/5400+30:1800+30"]

1. e4 e6 2. Nf3 d5 3. Nc3 Nf6 4. e5 Nfd7 5. d4 c5 6. dxc5 Nxc5 7. Bf4 Be7 8. Bb5+ Bd7 9. Bd3 O-O 10. h4 Nxd3+ 11. Qxd3 f5 12. O-O-O Bc6 13. Nd4 Qc8 14. g4 Bc5 15. Nce2 Bxd4 16. Nxd4 fxg4 17. Qg3 h5 18. f3 Be8 19. fxg4 Nc6 20. Rhg1 Nxd4 21. Rxd4 Qc7 22. Bd2 Bg6 23. Bc3 Rf7 24. Rf4 Raf8 25. Rxf7 Qxf7 26. gxh5 Bxh5 27. Bd2 Kh7 28. b3 Rc8 29. Kb2 Bg6 30. c3 b5 31. Qf4 Qxf4 32. Bxf4 a5 33. Rf1 Bf5 34. Be3 Rc6 1/2-1/2

[Event "POL-ch Women MOKATE 2020"]
[Site "Ostrow Wielkopolski"]
[Date "2020.08.08"]
[Round "5.5"]
[White "Waszczuk, Patrycja"]
[Black "Majdan, Joanna"]
[Result "0-1"]
[ECO "C03"]
[WhiteElo "2321"]
[BlackElo "2325"]
[Annotator "ChessBase"]
[PlyCount "48"]
[EventDate "2020.08.04"]
[EventType "tourn"]
[EventCountry "POL"]
[SourceTitle "playchess.com"]
[Source "ChessBase"]
[SourceQuality "1"]
[TimeControl "40/5400+30:1800+30"]

1. e4 e6 2. d4 d5 3. Nd2 dxe4 4. Nxe4 Nf6 5. Nxf6+ gxf6 6. Nf3 Nc6 7. Bf4 e5 8. dxe5 Qe7 9. Qe2 Qb4+ 10. Bd2 Qxb2 11. Qd1 Nxe5 12. Nxe5 Qxe5+ 13. Be2 Bd6 14. Rb1 Rg8 15. g3 Bh3 16. Rb5 Qe4 17. f3 Qe7 18. Kf2 O-O-O 19. g4 f5 20. Rxf5 Qh4+ 21. Kg1 Bg3 22. Be3 Rxd1+ 23. Bxd1 Bf4 24. Bf2 Be3 0-1

[Event "POL-ch Women MOKATE 2020"]
[Site "Ostrow Wielkopolski"]
[Date "2020.08.09"]
[Round "6.1"]
[White "Kucharska, Honorata"]
[Black "Majdan, Joanna"]
[Result "1-0"]
[ECO "B89"]
[WhiteElo "2113"]
[BlackElo "2325"]
[Annotator "ChessBase"]
[PlyCount "43"]
[EventDate "2020.08.04"]
[EventType "tourn"]
[EventCountry "POL"]
[SourceTitle "playchess.com"]
[Source "ChessBase"]
[SourceQuality "1"]
[TimeControl "40/5400+30:1800+30"]

1. e4 c5 2. Nf3 Nc6 3. d4 cxd4 4. Nxd4 Nf6 5. Nc3 d6 6. Bc4 e6 7. Be3 a6 8. Qe2 Na5 9. Bd3 b5 10. O-O Qc7 11. Ncxb5 axb5 12. b4 Nb7 13. Nxb5 Qd8 14. a4 d5 15. a5 Nd7 16. exd5 Bxb4 17. dxe6 fxe6 18. Qh5+ g6 19. Bxg6+ hxg6 20. Qxh8+ Bf8 21. a6 Kf7 22. axb7 1-0

[Event "POL-ch Women MOKATE 2020"]
[Site "Ostrow Wielkopolski"]
[Date "2020.08.09"]
[Round "6.3"]
[White "Kulon, Klaudia"]
[Black "Kubicka, Anna"]
[Result "1-0"]
[ECO "B13"]
[WhiteElo "2336"]
[BlackElo "2256"]
[Annotator "ChessBase"]
[PlyCount "117"]
[EventDate "2020.08.04"]
[EventType "tourn"]
[EventCountry "POL"]
[SourceTitle "playchess.com"]
[Source "ChessBase"]
[SourceQuality "1"]
[TimeControl "40/5400+30:1800+30"]

1. e4 c6 2. d4 d5 3. exd5 cxd5 4. Bd3 Nf6 5. c3 Bg4 6. Qb3 Qc7 7. Bg5 e6 8. Nd2 Be7 9. Ngf3 Nc6 10. O-O O-O 11. Qc2 h6 12. Bh4 Rfc8 13. a3 Nh5 14. Bg3 Nxg3 15. fxg3 Bf6 16. Qa4 a6 17. Rae1 b5 18. Qb3 Na5 19. Qc2 Nc4 20. Kh1 Rab8 21. Nb3 a5 22. Nc5 Qd6 23. Qc1 Bxf3 24. Rxf3 e5 25. Bf5 Rd8 26. b3 exd4 27. Ne6 Ne5 28. Nxd8 Rxd8 29. Rff1 Nc6 30. cxd4 Nxd4 31. Bb1 a4 32. b4 Nb3 33. Qe3 g6 34. Qxh6 Bg7 35. Qg5 Nd4 36. Qe7 Qxe7 37. Rxe7 f5 38. g4 Nb3 39. Rd1 fxg4 40. Bxg6 Bb2 41. Re8+ Rxe8 42. Bxe8 Nd4 43. Rd2 Bc3 44. Rd3 Bb2 45. Bh5 Nc6 46. Rxd5 Bxa3 47. Rxb5 g3 48. Rg5+ Kf8 49. b5 Nd4 50. b6 gxh2 51. b7 Nc6 52. Re5 Be7 53. Rf5+ Kg8 54. Be8 Nb8 55. Bxa4 Bd6 56. g3 Kg7 57. Kxh2 Kg6 58. Rd5 Bc7 59. Kh3 1-0

[Event "POL-ch Women MOKATE 2020"]
[Site "Ostrow Wielkopolski"]
[Date "2020.08.09"]
[Round "6.5"]
[White "Sliwicka, Alicja"]
[Black "Zawadzka, Jolanta"]
[Result "0-1"]
[ECO "B90"]
[WhiteElo "2317"]
[BlackElo "2419"]
[Annotator "RC"]
[PlyCount "160"]
[EventDate "2020.08.04"]
[EventType "tourn"]
[EventCountry "POL"]
[SourceTitle "playchess.com"]
[Source "ChessBase"]
[SourceQuality "1"]
[TimeControl "40/5400+30:1800+30"]

1. e4 c5 2. Nf3 d6 3. d4 cxd4 4. Nxd4 Nf6 5. Nc3 a6 6. Bd3 Nc6 7. Nxc6 bxc6 8. O-O e5 9. Kh1 Be7 10. f4 O-O 11. Qf3 exf4 12. Bxf4 Bg4 13. Qf2 Be6 14. Rad1 Ng4 15. Qf3 Bf6 16. Na4 Be5 17. Bxe5 Nxe5 18. Qf4 Nxd3 19. cxd3 Bxa2 20. Nc3 Bb3 21. Rd2 f6 22. Ne2 Qd7 23. Nd4 Be6 24. Rc2 c5 25. Ne2 Rab8 26. d4 Qe7 27. Ra1 Rb6 28. Ra5 Bb3 29. Rc1 Rb4 30. Qd2 Bc4 31. Ng3 Bb5 32. dxc5 dxc5 33. Qd5+ Kh8 34. Nf5 Qxe4 35. Qxc5 Re8 36. Nd6 Qe1+ 37. Qg1 Qxg1+ 38. Kxg1 Rb8 39. Nxb5 axb5 40. Rc2 h6 41. Ra7 Rd8 42. h3 Rd5 43. Rb7 Kh7 44. Kh2 h5 45. Re7 Kh6 46. Rb7 g6 47. Re7 h4 48. Re1 Rd3 49. Rf2 f5 50. Re6 Kh5 51. Re1 Rc4 52. Ref1 Kg5 53. Kg1 b4 54. Kh2 Rcd4 55. Rf3 Rd2 56. R1f2 Rxf2 57. Rxf2 Rd3 58. Re2 Rb3 59. Rd2 Re3 60. Rd4 Re4 61. Rd3 Kf4 62. Rd6 g5 63. Rd5 Rc4 64. Rb5 Ke4 65. Kg1 g4 66. hxg4 fxg4 67. b3 Rd4 68. Kf2 Kd3 69. Rc5 Rf4+ 70. Ke1 g3 71. Rc8 Re4+ 72. Kd1 Ke3 73. Ke1 h3 74. Rg8 Kf4+ 75. Kf1 hxg2+ 76. Kxg2 Re2+ 77. Kg1 Re3 78. Rf8+ Ke4 79. Re8+ Kd4 80. Rb8 Kc3 0-1

[Event "POL-ch Women MOKATE 2020"]
[Site "Ostrow Wielkopolski"]
[Date "2020.08.10"]
[Round "7.1"]
[White "Zawadzka, Jolanta"]
[Black "Kucharska, Honorata"]
[Result "1-0"]
[ECO "B56"]
[WhiteElo "2419"]
[BlackElo "2113"]
[Annotator "ChessBase"]
[PlyCount "87"]
[EventDate "2020.08.04"]
[EventType "tourn"]
[EventCountry "POL"]
[SourceTitle "playchess.com"]
[Source "ChessBase"]
[SourceQuality "1"]
[TimeControl "40/5400+30:1800+30"]

1. e4 c5 2. Nf3 Nc6 3. d4 cxd4 4. Nxd4 Nf6 5. Nc3 d6 6. f3 e5 7. Nb3 Be7 8. Be3 Be6 9. Nd5 Bxd5 10. exd5 Nb8 11. Qd2 O-O 12. g4 a5 13. a4 Nbd7 14. g5 Ne8 15. O-O-O Nc5 16. Nxc5 dxc5 17. h4 Nd6 18. Bxc5 Rc8 19. Bxd6 Bxd6 20. Bd3 Qb6 21. Qe2 Bc5 22. Qe4 g6 23. Bb5 Qd6 24. Kb1 Bd4 25. Rd3 Qb4 26. Rb3 Qd6 27. h5 Rfd8 28. hxg6 fxg6 29. Qh4 Rc7 30. Bd3 Rf8 31. Be4 Rf4 32. Qh3 b6 33. Rd3 Rff7 34. Qe6 Qxe6 35. dxe6 Rf8 36. c3 Bc5 37. Rd5 Re7 38. Rxe5 Bd6 39. Rb5 Bc5 40. b4 axb4 41. cxb4 Be3 42. Re1 Bf2 43. Re2 Bg1 44. Rd5 1-0

[Event "POL-ch Women MOKATE 2020"]
[Site "Ostrow Wielkopolski"]
[Date "2020.08.10"]
[Round "7.2"]
[White "Cyfka, Karina"]
[Black "Sliwicka, Alicja"]
[Result "1/2-1/2"]
[ECO "A57"]
[WhiteElo "2411"]
[BlackElo "2317"]
[Annotator "ChessBase"]
[PlyCount "65"]
[EventDate "2020.08.04"]
[EventType "tourn"]
[EventCountry "POL"]
[SourceTitle "playchess.com"]
[Source "ChessBase"]
[SourceQuality "1"]
[TimeControl "40/5400+30:1800+30"]

1. d4 Nf6 2. c4 c5 3. d5 b5 4. Qc2 bxc4 5. e4 d6 6. Bxc4 g6 7. Nc3 Bg7 8. Nf3 O-O 9. O-O Ba6 10. Nb5 Ne8 11. Bd2 Qb6 12. a4 Nc7 13. a5 Qb7 14. Nxc7 Qxc7 15. Rab1 Qc8 16. Rfc1 Nd7 17. h3 Rb8 18. b3 Bb5 19. Bxb5 Rxb5 20. b4 Qa6 21. bxc5 Rxc5 22. Qb3 Rfc8 23. Rxc5 Nxc5 24. Qe3 Qc4 25. Rc1 Qa4 26. e5 Qa2 27. exd6 exd6 28. Qe7 Qxd5 29. Qxa7 Ra8 30. Qc7 Nb3 31. Rc2 Nxd2 32. Rxd2 Qxa5 33. Qxa5 1/2-1/2

[Event "POL-ch Women MOKATE 2020"]
[Site "Ostrow Wielkopolski"]
[Date "2020.08.10"]
[Round "7.3"]
[White "Kubicka, Anna"]
[Black "Antolak, Julia"]
[Result "1/2-1/2"]
[ECO "A43"]
[WhiteElo "2256"]
[BlackElo "2323"]
[Annotator "ChessBase"]
[PlyCount "111"]
[EventDate "2020.08.04"]
[EventType "tourn"]
[EventCountry "POL"]
[SourceTitle "playchess.com"]
[Source "ChessBase"]
[SourceQuality "1"]
[TimeControl "40/5400+30:1800+30"]

1. Nf3 Nf6 2. d4 c5 3. d5 b5 4. g3 d6 5. e4 a6 6. Bg2 g6 7. O-O Bg7 8. Re1 O-O 9. h3 Bb7 10. c3 Nbd7 11. b3 Nb6 12. Bb2 Nfd7 13. Qc2 Re8 14. Nbd2 c4 15. bxc4 bxc4 16. Bf1 Rc8 17. Ba3 a5 18. Rab1 Ba6 19. Kh2 Qc7 20. Nd4 e6 21. dxe6 fxe6 22. Nb5 Bxb5 23. Rxb5 d5 24. Bg2 d4 25. cxd4 Bxd4 26. Nf3 Bg7 27. e5 Nd5 28. Bd6 Qa7 29. Reb1 Qa6 30. a4 Bf8 31. Bxf8 Rxf8 32. Ng5 Nc5 33. Bxd5 exd5 34. Nxh7 Kxh7 35. Rb6 Ne4 36. Rxa6 Rxf2+ 37. Qxf2 Nxf2 38. Rb7+ Kh6 39. Raa7 c3 40. Rh7+ Kg5 41. Raf7 Rc4 42. h4+ Kg4 43. Rhg7 c2 44. Rxg6+ Kh5 45. Rg5+ Kh6 46. Rf6+ Kh7 47. Rh5+ Kg7 48. Rg5+ Kh7 49. Rf7+ Kh6 50. Rf6+ Kh7 51. Rxf2 c1=Q 52. Rf7+ Kh6 53. Rf6+ Kh7 54. Rf7+ Kh6 55. Rf6+ Kh7 56. Rf7+ 1/2-1/2

[Event "POL-ch Women MOKATE 2020"]
[Site "Ostrow Wielkopolski"]
[Date "2020.08.10"]
[Round "7.4"]
[White "Waszczuk, Patrycja"]
[Black "Kulon, Klaudia"]
[Result "1-0"]
[ECO "B32"]
[WhiteElo "2321"]
[BlackElo "2336"]
[Annotator "ChessBase"]
[PlyCount "81"]
[EventDate "2020.08.04"]
[EventType "tourn"]
[EventCountry "POL"]
[SourceTitle "playchess.com"]
[Source "ChessBase"]
[SourceQuality "1"]
[TimeControl "40/5400+30:1800+30"]

1. e4 c5 2. Nf3 Nc6 3. d4 cxd4 4. Nxd4 e5 5. Nb5 d6 6. c4 Be7 7. N1c3 a6 8. Na3 f5 9. exf5 Bxf5 10. Be3 Nf6 11. Be2 O-O 12. O-O Qd7 13. Nd5 Rae8 14. Nc2 Bd8 15. Rc1 Kh8 16. Ncb4 a5 17. Nxf6 gxf6 18. Nd5 Rg8 19. Kh1 Be4 20. f3 Bg6 21. a3 Qg7 22. Rg1 f5 23. f4 Bf7 24. Rc3 Re6 25. g4 fxg4 26. f5 Ree8 27. Bxg4 Qf8 28. f6 Nd4 29. Rf1 Ne6 30. Qf3 e4 31. Qh3 Ng5 32. Qh4 Re5 33. Rf5 Rxf5 34. Bxf5 h6 35. Ne7 Nf3 36. Qxe4 Ng5 37. Qh4 Be8 38. Bd4 Nf7 39. Nxg8 Qxg8 40. Rg3 Qf8 41. Qg4 1-0

[Event "POL-ch Women MOKATE 2020"]
[Site "Ostrow Wielkopolski"]
[Date "2020.08.10"]
[Round "7.5"]
[White "Majdan, Joanna"]
[Black "Socko, Monika"]
[Result "1-0"]
[ECO "B32"]
[WhiteElo "2325"]
[BlackElo "2428"]
[Annotator "ChessBase"]
[PlyCount "155"]
[EventDate "2020.08.04"]
[EventType "tourn"]
[EventCountry "POL"]
[SourceTitle "playchess.com"]
[Source "ChessBase"]
[SourceQuality "1"]
[TimeControl "40/5400+30:1800+30"]

1. e4 c5 2. Nf3 Nc6 3. d4 cxd4 4. Nxd4 e5 5. Nb5 d6 6. c4 Be7 7. N1c3 a6 8. Na3 f5 9. exf5 Bxf5 10. Bd3 Be6 11. O-O Nf6 12. Nc2 O-O 13. Bg5 Ng4 14. Bxe7 Qxe7 15. h3 Nf6 16. Nd5 Qf7 17. Nxf6+ gxf6 18. b3 f5 19. f4 Rad8 20. Qe1 Qg7 21. Rd1 Kh8 22. Rd2 Rde8 23. Be2 Rd8 24. Bf3 e4 25. Be2 d5 26. cxd5 Rxd5 27. Rxd5 Bxd5 28. Ne3 Be6 29. Bc4 Bxc4 30. bxc4 Nd4 31. Kh1 Ne6 32. Qa5 Qf6 33. Qb6 Qd4 34. Qxe6 Qxe3 35. Qe5+ Kg8 36. Rd1 Qg3 37. Rd7 Qg6 38. Rxb7 Rd8 39. Re7 h5 40. h4 Rf8 41. c5 Qf6 42. Qxf6 Rxf6 43. Kg1 Kf8 44. Re5 Kg7 45. Kf2 Rf8 46. Ke3 Kf6 47. Rd5 Rg8 48. Rd6+ Ke7 49. Rxa6 Rxg2 50. Kd4 Kd7 51. Ke5 Rc2 52. Kxf5 e3 53. Rd6+ Kc7 54. Rd3 e2 55. Re3 Kc6 56. Kg6 Kxc5 57. f5 Kd4 58. Re8 Kd3 59. f6 Rc1 60. f7 Rg1+ 61. Kxh5 Rf1 62. Kg6 Rg1+ 63. Kh7 Rf1 64. Kg7 Rg1+ 65. Kf8 e1=R 66. Rxe1 Rxe1 67. h5 Kc4 68. h6 Rh1 69. Ke8 Re1+ 70. Kd8 Rd1+ 71. Kc8 Rf1 72. h7 Rxf7 73. h8=Q Ra7 74. Qb2 Ra5 75. Qb3+ Kc5 76. a4 Kc6 77. Qc4+ Kd6 78. Qc7+ 1-0

[Event "POL-ch Women MOKATE 2020"]
[Site "Ostrow Wielkopolski"]
[Date "2020.08.11"]
[Round "8.1"]
[White "Kucharska, Honorata"]
[Black "Socko, Monika"]
[Result "1/2-1/2"]
[ECO "E62"]
[WhiteElo "2113"]
[BlackElo "2428"]
[Annotator "ChessBase"]
[PlyCount "89"]
[EventDate "2020.08.04"]
[EventType "tourn"]
[EventCountry "POL"]
[SourceTitle "playchess.com"]
[Source "ChessBase"]
[SourceQuality "1"]
[TimeControl "40/5400+30:1800+30"]

1. d4 Nf6 2. c4 g6 3. Nf3 Bg7 4. g3 O-O 5. Bg2 d6 6. O-O Nc6 7. Nc3 Bg4 8. d5 Bxf3 9. exf3 Na5 10. Qd3 c5 11. b3 a6 12. Bb2 Rb8 13. Rfe1 b5 14. cxb5 axb5 15. Nxb5 Nxd5 16. Bxg7 Kxg7 17. Qxd5 Rxb5 18. f4 e6 19. Qd3 Qb6 20. Qc3+ Kg8 21. h4 d5 22. h5 Nc6 23. Qf6 Qd8 24. Rxe6 fxe6 25. Qxe6+ Kg7 26. Qxc6 Qf6 27. Qxb5 Qxa1+ 28. Kh2 Qd4 29. Qd7+ Kh6 30. hxg6 hxg6 31. Kg1 Qd1+ 32. Bf1 d4 33. Kg2 Qc2 34. Qe7 Qf5 35. Bd3 Qd5+ 36. Kg1 Rf7 37. Qe8 Rg7 38. Qh8+ Rh7 39. Qf6 Qh5 40. f3 Rg7 41. Kg2 Kh7 42. g4 Qh6 43. a4 Rb7 44. Be4 Ra7 45. Bd3 1/2-1/2

[Event "POL-ch Women MOKATE 2020"]
[Site "Ostrow Wielkopolski"]
[Date "2020.08.11"]
[Round "8.2"]
[White "Kulon, Klaudia"]
[Black "Majdan, Joanna"]
[Result "0-1"]
[ECO "D02"]
[WhiteElo "2336"]
[BlackElo "2325"]
[Annotator "ChessBase"]
[PlyCount "96"]
[EventDate "2020.08.04"]
[EventType "tourn"]
[EventCountry "POL"]
[SourceTitle "playchess.com"]
[Source "ChessBase"]
[SourceQuality "1"]
[TimeControl "40/5400+30:1800+30"]

1. d4 d5 2. Nf3 e6 3. Bf4 Nf6 4. e3 Bd6 5. Bg3 O-O 6. Nbd2 b6 7. Ne5 c5 8. c3 Bb7 9. Bd3 Qc7 10. f4 c4 11. Bc2 b5 12. Qb1 g6 13. Bh4 Ne8 14. O-O Nc6 15. e4 f5 16. exf5 exf5 17. Ndf3 Be7 18. Qe1 Bxh4 19. Qxh4 Nf6 20. h3 Ne4 21. g4 fxg4 22. Bxe4 dxe4 23. Ng5 Nxe5 24. fxe5 e3 25. Rae1 h5 26. Rxe3 Rxf1+ 27. Kxf1 gxh3 28. Qxh3 Rf8+ 29. Ke1 Rf5 30. Qg3 Qe7 31. Ne4 Kg7 32. Nd6 Rg5 33. Qf2 Bc6 34. Nc8 Qe6 35. Nxa7 Rf5 36. Qh4 Be8 37. Qd8 Qf7 38. Qh4 Qxa7 39. a3 Qf7 40. e6 Qf6 41. Qh3 g5 42. Qg2 g4 43. a4 bxa4 44. d5 Qg5 45. Ke2 Rxd5 46. Qg3 Qf5 47. Qc7+ Kg6 48. Qxc4 Bb5 0-1

[Event "POL-ch Women MOKATE 2020"]
[Site "Ostrow Wielkopolski"]
[Date "2020.08.11"]
[Round "8.3"]
[White "Antolak, Julia"]
[Black "Waszczuk, Patrycja"]
[Result "1/2-1/2"]
[ECO "B46"]
[WhiteElo "2323"]
[BlackElo "2321"]
[Annotator "ChessBase"]
[PlyCount "61"]
[EventDate "2020.08.04"]
[EventType "tourn"]
[EventCountry "POL"]
[SourceTitle "playchess.com"]
[Source "ChessBase"]
[SourceQuality "1"]
[TimeControl "40/5400+30:1800+30"]

1. e4 c5 2. Nf3 Nc6 3. d4 cxd4 4. Nxd4 e6 5. Nc3 a6 6. Nxc6 bxc6 7. e5 Qc7 8. Bf4 Bb4 9. Bd3 Ne7 10. O-O Bxc3 11. bxc3 c5 12. Qg4 Bb7 13. Rae1 Ng6 14. Bg3 h5 15. Qg5 h4 16. Bxg6 hxg3 17. Be4 gxh2+ 18. Kh1 Bxe4 19. Rxe4 g6 20. Rfe1 Qd8 21. Qe3 d5 22. exd6 Qxd6 23. Qg5 Qe7 24. Qe5 Rh7 25. Qg3 Rd8 26. Qf3 Rh5 27. Re5 Rxe5 28. Rxe5 Qd6 29. Qf6 Qd1+ 30. Kxh2 Rd5 31. c4 1/2-1/2

[Event "POL-ch Women MOKATE 2020"]
[Site "Ostrow Wielkopolski"]
[Date "2020.08.11"]
[Round "8.5"]
[White "Zawadzka, Jolanta"]
[Black "Cyfka, Karina"]
[Result "0-1"]
[ECO "C55"]
[WhiteElo "2419"]
[BlackElo "2411"]
[Annotator "ChessBase"]
[PlyCount "100"]
[EventDate "2020.08.04"]
[EventType "tourn"]
[EventCountry "POL"]
[SourceTitle "playchess.com"]
[Source "ChessBase"]
[SourceQuality "1"]
[TimeControl "40/5400+30:1800+30"]

1. e4 e5 2. Nf3 Nc6 3. d4 exd4 4. Bc4 Nf6 5. e5 d5 6. Bb5 Ne4 7. Nxd4 Bd7 8. Bxc6 bxc6 9. O-O Be7 10. f3 Nc5 11. Be3 O-O 12. Nb3 Na4 13. Qd4 Nb6 14. N1d2 f6 15. f4 Qe8 16. Rae1 fxe5 17. fxe5 Qg6 18. c3 Bh3 19. Re2 Rxf1+ 20. Nxf1 Nc4 21. Bf4 a5 22. Bg3 Bf5 23. Nc5 Qg4 24. Rf2 Qxd4 25. cxd4 Bxc5 26. dxc5 Be6 27. b3 Na3 28. Rf4 Nb5 29. Be1 d4 30. Bf2 a4 31. h4 Bxb3 32. a3 d3 33. Nd2 Nxa3 34. Rd4 Bc2 35. e6 Nb5 36. Rd7 Re8 37. Nf3 h6 38. Bg3 Rxe6 39. Be5 a3 40. Bxg7 a2 41. Ba1 Kf8 42. Kf1 Ke8 43. Rh7 d2 44. Rh8+ Kd7 45. Nxd2 Bd3+ 46. Kf2 Re2+ 47. Kf3 Rxd2 48. Rxh6 Rd1 49. Bh8 Bc4 50. Ke3 Rd3+ 0-1